 Dungeon Crawl Stone Soup version 0.28-a0-1199-gef9e1dbd39 (webtiles) character file.

Game seed: 17794072361153195166

39159 mandarbmax the Destroyer (level 13, -8/113 HPs)
             Began as a Purple Draconian Conjurer on Dec 19, 2021.
             Was an Elder of Vehumet.
             Killed from afar by a lindwurm (37 damage)
             ... with a blast of flame
             ... on level 5 of the Lair of Beasts.
             The game lasted 01:15:17 (22870 turns).

mandarbmax the Destroyer (DrCj)                    Turns: 22870, Time: 01:15:18

Health: -8/113     AC: 16    Str: 10    XL:     13   Next: 67%
Magic:  5/29       EV: 13    Int: 24    God:    Vehumet [****..]
Gold:   1195       SH:  0    Dex:  9    Spells: 6/36 levels left

rFire   . . .      SeeInvis .   l - staff of conjuration
rCold   . . .      Faith    .   (no shield)
rNeg    . . .      Spirit   .   (armour unavailable)
rPois   .          Reflect  .   (helmet restricted)
rElec   .          Harm     .   (no cloak)
rCorr   +          Rampage  .   m - +2 pair of gloves
Will    +....                   H - +0 pair of boots {Stlth+}
Stlth   ++++......              (no amulet)
HPRegen 0.28/turn               d - +4 ring of protection
MPRegen 0.21/turn               y - ring of resist corrosion

@: short of breath
A: breathe power, AC +8, unfitting armour, cold-blooded
a: Breathe Dispelling Energy, Renounce Religion


You were on level 5 of the Lair of Beasts.
You worshipped Vehumet.
Vehumet was greatly pleased with you.
You visited 3 branches of the dungeon, and saw 18 of its levels.
You also visited: Ossuary.

You collected 1195 gold pieces.

Inventory:

Missiles
 x - 4 throwing nets
Armour
 m - a +2 pair of gloves (worn)
 H - a +0 pair of boots of stealth (worn)
Magical Staves
 l - a staff of conjuration (weapon)
Jewellery
 c - a ring of positive energy
 d - a +4 ring of protection (left hand)
 k - a ring of ice
 y - a ring of resist corrosion (right hand)
 I - a +4 ring of slaying
Wands
 a - a wand of paralysis (7)
 q - a wand of iceblast (10)
 t - a wand of polymorph (12)
 E - a wand of mindburst (7)
 F - a wand of digging (6)
Scrolls
 b - 2 scrolls of summoning
 g - a scroll of enchant weapon
 i - 4 scrolls of teleportation
 j - 2 scrolls of magic mapping
 u - 3 scrolls of vulnerability
 v - a scroll of silence
 C - a scroll of fog
 J - a scroll of fear
Potions
 e - 14 potions of curing {unknown}
 f - 2 potions of mutation
 h - a potion of lignification
 n - 4 potions of resistance {unknown}
 o - a potion of magic
 p - 6 potions of heal wounds
 r - a potion of cancellation
 s - 2 potions of haste
 z - a potion of brilliance
 A - a potion of ambrosia
 D - 4 potions of attraction
 G - a potion of flight


   Skills:
 - Level 10.0 Fighting
 - Level 6.0 Dodging
 - Level 6.0 Stealth
 - Level 12.0 Spellcasting
 - Level 14.0 Conjurations
 - Level 6.0 Hexes
 + Level 7.8 Summonings
 - Level 7.0 Evocations


You had 6 spell levels left.
You knew the following spells:

 Your Spells              Type           Power      Damage    Failure   Level
a - Magic Dart            Conj           100%       1d8       0%          1
b - Searing Ray           Conj           100%       2d8       0%          2
c - Spellforged Servitor  Conj/Summ      39%        N/A       11%         7
d - Iskenderun's Battles  Conj           89%        2d14      1%          5
e - Fulminant Prism       Conj/Hex       38%        3d18      1%          4
f - Orb of Destruction    Conj           44%        9d14      3%          7
g - Iskenderun's Mystic   Conj/Tloc      64%        2d13      1%          4

Your spell library contained the following spells:

 Spells                   Type           Power      Damage    Failure   Level
 Inner Flame              Hex/Fire       28%        N/A       1%          3
 Slow                     Hex            100%       N/A       1%          1
 Summon Small Mammal      Summ           100%       N/A       1%          1
 Ensorcelled Hibernation  Hex/Ice        56%        N/A       1%          2
 Call Canine Familiar     Summ           51%        N/A       1%          3
 Confusing Touch          Hex            43%        N/A       1%          3
 Dazzling Flash           Conj/Hex       100%       N/A       1%          3
 Stone Arrow              Conj/Erth      100%       3d13      1%          3
 Summon Guardian Golem    Hex/Summ       47%        N/A       1%          3
 Tukima's Dance           Hex            43%        N/A       1%          3
 Beastly Appendage        Tmut           28%        N/A       4%          1
 Pain                     Necr           56%        1d6       4%          1
 Wereblood                Tmut           14%        N/A       6%          2
 Iron Shot                Conj/Erth      32%        9d7       11%         6
 Gell's Gravitas          Tloc           14%        N/A       13%         3
 Lesser Beckoning         Tloc           14%        N/A       13%         3
 Spider Form              Tmut/Pois      14%        N/A       13%         3
 Teleport Other           Tloc           14%        N/A       13%         3
 Vampiric Draining        Necr           14%        2d7       13%         3
 Lee's Rapid Deconstruct  Erth           7%         3d7*      28%         5
 Agony                    Necr           14%        N/A       75%         5
 Excruciating Wounds      Necr           7%         N/A       75%         5
 Lehudib's Crystal Spear  Conj/Erth      32%        10d8      97%         8
 Animate Armour           Summ/Erth      Unusable   N/A       N/A         4

Dungeon Overview and Level Annotations

Branches:
Dungeon (11/15)            Temple (1/1) D:5            Lair (6/6) D:9
 Shoals (0/4) Lair:2       Spider (0/4) Lair:4        Slime (0/5) Lair:5
    Orc (0/2) D:11        Ossuary (visited)

Altars:
Ashenzari
Cheibriados
Dithmenos
Elyvilon
Fedhas
Gozag
Hepliaklqana
Kikubaaqudgha
Makhleb
Nemelex Xobeh
Okawaru
Qazlal
Ru
Sif Muna
Trog
Uskayaw
Vehumet
Wu Jian
Xom
Yredelemnul
Zin
The Shining One

Shops:
D:7 (

Portals:
Abyss: D:3

Annotations:
D:2 1 runed translucent door, Crazy Yiuf
D:9 2 transporters, JamezByez's ghost, novice MiBe
Lair:4 2 transporters, exclusion: oklob plant, Ithra's ghost, journeyman OgTm


Innate Abilities, Weirdness & Mutations

You can breathe bolts of dispelling energy.
Your rich purple scales are hard. (AC +8)
You cannot fit into any form of body armour.
You are cold-blooded and may be slowed by cold attacks.


Message History

Casting: Orb of Destruction (dangerous; 3% risk of failure)
Confirm with . or Enter, or press ? or * to list all spells.
You don't have enough magic to cast this spell.
Unknown command.
Aiming: Breathe Dispelling Energy (2% risk of failure)
Press: ? - help, Shift-Dir - straight line, f/p - lindwurm
Aim: a lindwurm (moderately wounded)
You breathe a bolt of dispelling energy.
The bolt of dispelling energy misses the lindwurm.
Unknown command.
The yak gores you. The lindwurm closely misses you. The lindwurm claws you.
The lindwurm claws you but does no damage.
You climb upwards.
There is a stone staircase leading down here.
You barely miss the lindwurm.
The lindwurm is moderately wounded.
The lindwurm bites you but does no damage.
The lindwurm claws you but does no damage.
The lindwurm claws you. The yak barely misses you.
You barely miss the lindwurm.
The lindwurm is moderately wounded.
The lindwurm bites you but does no damage.
The lindwurm closely misses you. The lindwurm barely misses you.
The yak gores you!
You completely miss the lindwurm.
The lindwurm is moderately wounded.
The lindwurm bites you. The lindwurm claws you.
The lindwurm claws you but does no damage.
The yak barely misses you. The lindwurm breathes flames at you.
The blast of flame misses you. The lindwurm breathes flames at you.
The blast of flame hits you!!
* * * LOW HITPOINT WARNING * * *
Unknown command.
Okay, then.
You feel much better. The lindwurm breathes flames at you.
The blast of flame hits you!!!
You die...

### #### ### #.###### #..###
##.######....#.# #....#
#######.##..P...@....## ###....#
P.......#...P...Y.....####.......
......................#.##.......
..)..........k.........##........
##P..#.#........#.....###........
####.####.P..........##.........
### ###..#..#.#..P##........
###.....##..............
#.#...^.##......<.......


You could see a lindwurm (catching breath) and a yak.

Vanquished Creatures
  Erolcha (D:10)
  Harold (Lair:2)
  Fannar (D:10)
  2 hydras
  2 two-headed ogres
  Erica (Lair:2)
  3 death yaks (Lair:3)
  Urug (Lair:2)
  Sonja (Lair:3)
  Nergalle (Lair:4)
  Pikel (D:7)
  A wolf spider (Lair:4)
  2 ugly things (D:9)
  5 elephants
  Joseph (D:7)
  A merfolk siren (Lair:2)
  Maggie (D:9)
  12 cane toads
  A rime drake (Lair:2)
  7 komodo dragons
  3 polar bears
  Grinder (D:4)
  7 blink frogs (Lair:5)
  11 dream sheep
  2 small abominations (D:3)
  47 yaks
  3 redbacks (Lair:4)
  3 wyverns
  Grum (D:10)
  3 steam dragons
  4 basilisks
  The ghost of karrick the Sneak, an amateur GnEn (D:3)
  3 wargs (D:9)
  7 water moccasins
  Duvessa (D:7)
  An orc warrior (D:10)
  2 sky beasts
  A necrophage (D:3)
  2 centaurs
  10 wolves
  Blork the orc (D:5)
  3 kobold brigands
  10 bullfrogs
  Dowan (D:7)
  11 killer bees
  2 howler monkeys
  8 crimson imps (D:8)
  4 centaur zombies
  5 hounds
  9 orc priests
  A bullfrog skeleton (D:7)
  2 centaur skeletons
  A gnoll shaman (D:7)
  2 iguanas
  Terence (D:2)
  7 orc wizards
  A hound skeleton (D:4)
  8 mummies (Ossuary)
  5 adders
  6 gnolls
  2 shadow imps
  3 white imps
  An ufetubus (D:6)
  2 adder skeletons (D:4)
  A worm (D:5)
  A dart slug (D:5)
  22 orcs
  7 bats
  7 endoplasms
  7 giant cockroaches
  6 goblins
  8 hobgoblins
  3 quokkas
  6 ball pythons
  5 frilled lizards
  A gnoll zombie (Ossuary)
  16 kobolds
  3 kobold zombies (Ossuary)
  4 orc zombies (Ossuary)
  5 rats
357 creatures vanquished.

Vanquished Creatures (collateral kills)
  2 dream sheep (Lair:5)
  3 blink frogs (Lair:5)
  5 yaks
10 creatures vanquished.

Vanquished Creatures (others)
  A bush (D:7)
  A butterfly (D:7)
  25 fulminant prisms
  24 fungi
  39 plants
90 creatures vanquished.

Grand Total: 457 creatures vanquished

Notes
Turn   | Place    | Note
-------+----------+-------------------------------------------
     0 | D:1      | mandarbmax the Draconian Conjurer began the quest for the
                  | Orb.
     0 | D:1      | Reached XP level 1. HP: 14/14 MP: 3/3
   579 | D:1      | Reached XP level 2. HP: 20/20 MP: 0/5
   874 | D:1      | Learned a level 2 spell: Searing Ray
  1222 | D:1      | Reached XP level 3. HP: 26/26 MP: 4/7
  1572 | D:2      | Found a faded altar of an unknown god.
  1577 | D:2      | Noticed Terence
  1635 | D:2      | Killed Terence
  2024 | D:2      | Reached skill level 5 in Conjurations
  2024 | D:2      | Reached XP level 4. HP: 33/33 MP: 1/8
  2029 | D:2      | Learned a level 4 spell: Iskenderun's Mystic Blast
  2421 | D:2      | Found an iron altar of Okawaru.
  2903 | D:2      | Found a runed translucent door.
  2904 | D:2      | Noticed Crazy Yiuf
  3213 | D:3      | Found a transporter.
  3213 | D:3      | Found a transporter.
  3218 | D:3      | Noticed a small abomination
  3224 | D:3      | Noticed a small abomination
  3322 | D:3      | Found a one-way gate to the infinite horrors of the Abyss.
  3322 | D:3      | Noticed karrick's ghost (amateur GnEn)
  3506 | D:3      | Found a bloodstained altar of Trog.
  3510 | D:3      | Reached XP level 5. HP: 38/38 MP: 6/9
  3556 | D:3      | Noticed a necrophage
  3577 | D:3      | Killed a necrophage
  3578 | D:3      | Reached skill level 6 in Conjurations
  3833 | D:4      | Found a shadowy altar of Dithmenos.
  3992 | D:4      | Reached XP level 6. HP: 45/45 MP: 4/10
  4315 | D:4      | Noticed Grinder
  4333 | D:4      | Killed Grinder
  4334 | D:4      | Reached skill level 7 in Conjurations
  4441 | D:4      | Your scales start taking on a rich purple colour.
  4441 | D:4      | Reached XP level 7. HP: 50/50 MP: 7/14
  4447 | D:4      | Learned a level 5 spell: Iskenderun's Battlesphere
  5047 | D:5      | Entered Level 5 of the Dungeon
  5053 | D:4      | Reached skill level 5 in Spellcasting
  5060 | D:4      | Learned a level 4 spell: Fulminant Prism
  5257 | D:5      | Reached skill level 1 in Hexes
  5261 | D:5      | Reached skill level 8 in Conjurations
  5574 | D:5      | Found a staircase to the Ecumenical Temple.
  5665 | Temple   | Entered the Ecumenical Temple
  5759 | Temple   | Became a worshipper of Vehumet
  5854 | D:5      | Found a shimmering blue altar of Sif Muna.
  6099 | D:5      | Noticed Blork the orc
  6103 | D:5      | Killed Blork the orc
  6380 | D:5      | Found an ancient bone altar of Kikubaaqudgha.
  6469 | D:6      | Found an iron altar of Okawaru.
  6477 | D:6      | Reached XP level 8. HP: 57/57 MP: 5/15
  7471 | D:7      | Noticed Pikel
  7475 | D:7      | Killed Pikel
  7476 | D:7      | Reached skill level 9 in Conjurations
  7584 | D:7      | Noticed Joseph
  7617 | D:7      | Killed Joseph
  7618 | D:7      | Reached skill level 10 in Conjurations
  7618 | D:7      | Reached XP level 9. HP: 56/62 MP: 0/16
  7771 | D:7      | Found Lacewk's Antique Weapon Boutique.
  8116 | D:7      | Reached skill level 1 in Fighting
  8333 | D:7      | Learned a level 3 spell: Tukima's Dance
  8631 | D:7      | Noticed a two-headed ogre
  8637 | D:7      | Killed a two-headed ogre
  8728 | D:7      | Noticed Duvessa
  8764 | D:7      | Noticed Dowan
  8770 | D:7      | Killed Dowan
  8786 | D:7      | Killed Duvessa
  8853 | D:7      | Found a white marble altar of Elyvilon.
  9371 | D:8      | Found a sand-covered staircase.
  9388 | D:8      | Reached skill level 5 in Fighting
  9389 | D:8      | Reached skill level 11 in Conjurations
  9389 | D:8      | Reached XP level 10. HP: 62/81 MP: 1/19
  9408 | Ossuary  | Entered an ossuary
  9429 | Ossuary  | Reached * piety under Vehumet
  9429 | Ossuary  | Offered knowledge of Foxfire by Vehumet.
 10209 | D:8      | Noticed a two-headed ogre
 10255 | D:8      | Killed a two-headed ogre
 10974 | D:8      | Found a hazy altar of Hepliaklqana.
 11013 | D:8      | Reached ** piety under Vehumet
 11013 | D:8      | Offered knowledge of Poisonous Vapours by Vehumet.
 11243 | D:9      | Reached skill level 12 in Conjurations
 11507 | D:9      | Noticed a brown ugly thing
 11517 | D:9      | Noticed Maggie
 11597 | D:9      | Reached skill level 5 in Dodging
 11605 | D:9      | Found a staircase to the Lair.
 11607 | D:9      | Noticed a purple ugly thing
 11614 | D:9      | Killed a purple ugly thing
 11752 | D:9      | Killed Maggie
 11753 | D:9      | Reached skill level 13 in Conjurations
 11753 | D:9      | Reached XP level 11. HP: 56/89 MP: 3/21
 11760 | D:9      | Noticed a two-headed ogre
 11762 | D:9      | You fall into a shaft and drop 2 floors!
 11762 | D:11     | Noticed a seven-headed hydra
 11938 | D:11     | Noticed a death knight
 11969 | D:11     | Noticed a tengu warrior
 11996 | D:10     | Entered Level 10 of the Dungeon
 12159 | D:10     | Learned a level 7 spell: Orb of Destruction
 12325 | D:10     | Noticed Erolcha
 12331 | D:10     | Killed Erolcha
 12376 | D:10     | Noticed Fannar
 12392 | D:10     | Killed Fannar
 12575 | D:10     | Offered knowledge of Ignite Poison by Vehumet.
 12821 | D:10     | Reached *** piety under Vehumet
 12875 | D:10     | Noticed Grum
 12879 | D:10     | Killed Grum
 13386 | D:9      | Killed a brown ugly thing
 13493 | D:9      | Noticed JamezByez's ghost (novice MiBe)
 13531 | D:9      | Found a transporter.
 13536 | D:9      | Found a transporter.
 13555 | D:9      | Learned a level 4 spell: Iskenderun's Mystic Blast
 13591 | D:9      | Found a snail-covered altar of Cheibriados.
 14418 | D:3      | Killed karrick's ghost
 14419 | D:3      | Reached skill level 10 in Spellcasting
 14725 | Lair:1   | Entered Level 1 of the Lair of Beasts
 14794 | Lair:1   | Reached skill level 1 in Evocations
 15527 | Lair:1   | Reached XP level 12. HP: 94/103 MP: 10/26
 16205 | Lair:2   | Noticed Erica
 16211 | Lair:2   | Killed Erica
 16354 | Lair:2   | Found a staircase to the Shoals.
 16478 | Lair:2   | Noticed a six-headed hydra
 16483 | Lair:2   | Killed a six-headed hydra
 16801 | Lair:2   | Noticed Harold
 16815 | Lair:2   | Killed Harold
 16816 | Lair:2   | Reached skill level 5 in Evocations
 17147 | Lair:2   | Noticed Urug
 17151 | Lair:2   | Reached skill level 14 in Conjurations
 17154 | Lair:2   | Killed Urug
 17155 | Lair:2   | Reached skill level 10 in Fighting
 17315 | Lair:2   | Learned a level 7 spell: Spellforged Servitor
 18136 | Lair:3   | Reached skill level 5 in Stealth
 18310 | Lair:3   | Noticed a death yak
 18311 | Lair:3   | Noticed a death yak
 18329 | Lair:3   | Killed a death yak
 18588 | Lair:3   | Killed a death yak
 18592 | Lair:3   | Noticed a death yak
 18595 | Lair:3   | Killed a death yak
 18808 | Lair:3   | Noticed Sonja
 18811 | Lair:3   | Killed Sonja
 19209 | Lair:3   | Offered knowledge of Frozen Ramparts by Vehumet.
 19284 | Lair:3   | Reached XP level 13. HP: 113/113 MP: 21/27
 19872 | Lair:4   | Found a hole to the Spider Nest.
 19876 | Lair:4   | Reached skill level 1 in Summonings
 20238 | Lair:4   | Noticed Nergalle
 20241 | Lair:4   | Killed Nergalle
 20597 | Lair:4   | Reached **** piety under Vehumet
 20622 | Lair:4   | Found a transporter.
 20623 | Lair:4   | Noticed Ithra's ghost (journeyman OgTm)
 20632 | Lair:4   | Found a transporter.
 20726 | Lair:4   | Identified the +5 scale mail of Peek-a-Boo {+Blink}
 20930 | Lair:5   | Offered knowledge of Inner Flame by Vehumet.
 21406 | Lair:5   | Reached skill level 5 in Summonings
 22470 | Lair:5   | Found a staircase to the Slime Pits.
 22576 | Lair:6   | Entered Level 6 of the Lair of Beasts
 22870 | Lair:5   | Killed from afar by a lindwurm

Illustrated notes

Levels and vault maps discovered:
D:1:      kilobyte_arrival_exit_the_forest, layout_basic,
          minmay_indecisive_spiral
D:2:      minmay_inner_zag, layout_loops_ring, serial_rivers,
          chequers_serial_rivers_small_a, chequers_serial_rivers_small_b,
          chequers_serial_rivers_room_a, chequers_serial_rivers_micro_b,
          hellmonk_ecumenical_altar_blasted, basic_altar,
          kennysheep_generic_room_13, uniq_crazy_yiuf_cottage, uniq_terence
D:3:      cheibrodos_old_hovel, layout_basic,
          mainiacjoe_overflow_small_starburst, gammafunk_ghost_abyssal_escape,
          minmay_misc_feat_columns
D:4:      layout_cave_pods, kennysheep_little_box, amcnicky_mini_pool_small,
          serial_park_tiny_1, kennysheep_generic_room_14, uniq_grinder
D:5:      layout_rooms, mainiacjoe_overflow_catch_the_wave,
          minmay_temple_entry_enclosed_plants, serial_rivers,
          chequers_serial_rivers_micro_e, chequers_serial_rivers_micro_b,
          chequers_serial_rivers_micro_b, chequers_serial_rivers_micro_b,
          chequers_serial_rivers_large_b, uniq_blork_the_orc
D:6:      layout_basic, mainiacjoe_overflow_catwalk
D:7:      layout_basic, nicolae_elyvilon_peaceful_grove, serial_shops,
          nicolae_square_shop, uniq_duvessa, uniq_pikel, uniq_joseph
D:8:      layout_loops_corners, lemuel_round_altar, enter_ossuary_1,
          grunt_decor_arrowhead, minmay_nine_imps
D:9:      layout_loops_ring, mainiacjoe_overflow_surrounded_room,
          erik_lair_orcish_takeover, gammafunk_ghost_hive, lemuel_flame_loot_1,
          uniq_maggie
D:10:     layout_basic, uniq_grum, uniq_erolcha, uniq_fannar
D:11:     layout_loops_ring, orc_0_dummy, enter_trove_6,
          minmay_shattered_shrine, uniq_gastronok
Temple:   nicolae_temple_great_sept
Lair:1:   layout_cave_pods
Lair:2:   layout_hall_layers, minmay_shoals_entry_lonely_mermaid, uniq_erica,
          uniq_urug, uniq_harold
Lair:3:   layout_roguey, uniq_sonja
Lair:4:   minmay_lair_oklob_tunnel, layout_gridlike,
          spider_nest_entry_funnel_web, gammafunk_ghost_arena,
          grunt_megastairs_3, uniq_nergalle
Lair:5:   layout_gridlike, dpeg_slime_entry_corner,
          chequers_serial_rivers_micro_b, infiniplex_staircase_pool,
          grunt_megastairs_1, serial_bayou_shore_a, lemuel_fruit_fields
Lair:6:   minmay_lair_end_enchanted_forest, layout_loops_ring

Skill      XL: |  1  2  3  4  5  6  7  8  9 10 11 12 13 |
---------------+----------------------------------------+-----
Dodging        | 2 3 4 6 |  6.0
Spellcasting   | 3 4 5 6 7 10 12 | 12.0
Conjurations   | 5 6 7 8 10 11 13 14 | 14.0
Hexes          | 3 6 |  6.0
Fighting       | 5 6 8 10 | 10.0
Evocations     | 3 6 7 |  7.0
Stealth        | 6 |  6.0
Summonings     | 7 |  7.8

Action                   |  1- 3 |  4- 6 |  7- 9 | 10-12 | 13-15 || total
-------------------------+-------+-------+-------+-------+-------++-------
Melee: Unarmed           |    31 |       |       |       |       ||    31
       Tailslap          |     4 |     1 |       |     6 |     1 ||    12
       Staff             |       |    15 |       |    55 |    33 ||   103
       Dagger            |       |     1 |       |       |       ||     1
 Cast: Magic Dart        |    71 |    56 |    79 |   123 |       ||   329
       Searing Ray       |     1 |    13 |    11 |    37 |       ||    62
       Iskenderun's Batt |       |       |    31 |    57 |       ||    88
       Fulminant Prism   |       |       |     9 |    15 |     1 ||    25
       Tukima's Dance    |       |       |     3 |     6 |       ||     9
       Orb of Destructio |       |       |       |    37 |    66 ||   103
       Iskenderun's Myst |       |       |       |    12 |    10 ||    22
       Spellforged Servi |       |       |       |       |     5 ||     5
 Abil: Breathe Dispellin |       |       |       |    13 |     5 ||    18
Evoke: Wand              |       |       |       |     2 |     6 ||     8
  Use: Scroll            |     1 |     4 |    10 |    18 |     2 ||    35
       Potion            |       |     1 |     1 |     1 |     1 ||     4
Armor: Skin              |    16 |    19 |     9 |    84 |    21 ||   149
Dodge: Dodged            |    39 |    24 |    16 |   102 |    27 ||   208

Table legend: (Time is in decaauts)
 A = Elapsed time spent in this place.
 B = Non-inter-level travel time spent in this place.
 C = Inter-level travel time spent in this place.
 D = Time resting spent in this place.
 E = Time spent auto-exploring this place.
 F = Levels seen in this place.
 G = Mean time per level.
                   A        B        C        D        E       F      G
               +--------+--------+--------+--------+--------+-----+--------+
         Total |  22955 |  21780 |   1175 |   4193 |  15053 |  19 | 1208.2 |
       Dungeon |  14249 |  13402 |    847 |   2004 |   9822 |  11 | 1295.4 |
        Temple |    104 |     75 |     29 |      0 |     63 |   1 |  104.0 |
          Lair |   8194 |   7897 |    297 |   1977 |   5064 |   6 | 1365.7 |
       Ossuary |    406 |    406 |      0 |    212 |    104 |   1 |  406.0 |
               +--------+--------+--------+--------+--------+-----+--------+

Top non-repeatable levels by time:
  Lair:2: 2275 daAuts
     D:7: 2052 daAuts
  Lair:4: 1944 daAuts
     D:9: 1648 daAuts
     D:1: 1539 daAuts
     D:8: 1447 daAuts
     D:2: 1428 daAuts
  Lair:5: 1420 daAuts
     D:4: 1409 daAuts
  Lair:1: 1320 daAuts
     D:5: 1293 daAuts
    D:10: 1211 daAuts
  Lair:3: 1198 daAuts
     D:3: 1074 daAuts
     D:6: 917 daAuts
